 Dungeon Crawl Stone Soup version 0.29.1-4-g47bece8355 (webtiles) character file.

Game seed: 12905140258810759289

1801 hawla the Gusty (level 9, -6/67 HPs)
             Began as a Meteoran Air Elementalist on Dec 6, 2022.
             Was an Initiate of Vehumet.
             Mangled by a gargoyle
             ... wielding a +0 flail
              (15 damage)
             ... on level 7 of the Dungeon.
             The game lasted 00:15:49 (2153 turns).

hawla the Gusty (Meteoran Air Elementalist)         Turns: 2153, Time: 00:15:50

Health: -6/67      AC:  7    Str: 11    XL:     9   Next: 56%
Magic:  2/19       EV: 13    Int: 20    God:    Vehumet [......]
Gold:   159        SH:  0    Dex: 15    Spells: 12/21 levels left

rFire   . . .      SeeInvis .   o - +5 quarterstaff (chaos)
rCold   . . .      Faith    .   (shield currently unavailable)
rNeg    . . .      Spirit   .   a - +1 robe
rPois   .          Reflect  .   i - +2 helmet
rElec   .          Harm     .   p - +0 cloak
rCorr   .          Rampage  .   (no gloves)
Will    +....                   (no boots)
Stlth   +.........              (no amulet)
HPRegen 0.21/turn               (no ring)
MPRegen 0.16/turn               (no ring)

@: about to teleport, glowing
A: sense surroundings 2, otherworldly, glowing, explore regen
a: Renounce Religion


You were on level 7 of the Dungeon.
You worshipped Vehumet.
Vehumet was noncommittal.
You visited 2 branches of the dungeon, and saw 8 of its levels.

You collected 159 gold pieces.

Inventory:

Hand Weapons
 o - a +5 quarterstaff of chaos (weapon)
 u - a +1 spectral quarterstaff
Armour
 a - a +1 robe (worn)
 i - a +2 helmet (worn)
 p - a +0 cloak (worn)
Magical Staves
 c - a staff of death
 g - a staff of earth
Jewellery
 s - an amulet of regeneration
Wands
 h - a wand of flame (9)
 l - a wand of digging (3)
 m - a wand of polymorph (11)
Potions
 b - a potion of magic
 d - a potion of haste
 e - a potion of curing
 f - a potion of flight {unknown}
 j - a potion of might {unknown}
 k - a potion of attraction {unknown}
 n - a potion of heal wounds
 q - a potion of degeneration {unknown}


   Skills:
 + Level 1.7 Fighting
 + Level 3.1 Staves
 + Level 4.1 Dodging
 - Level 1.4 Stealth
 + Level 6.6 Spellcasting
 + Level 4.8 Conjurations
 + Level 2.0 Necromancy
 + Level 7.9 Air Magic
 + Level 5.9 Earth Magic
 + Level 2.0 Evocations


You had 12 spell levels left.
You knew the following spells:

 Your Spells              Type           Power      Damage    Failure   Level
a - Stone Arrow           Conj/Erth      56%        3d10      3%          3
b - Static Discharge      Conj/Air       32%        3-7/arc   1%          2
c - Airstrike             Air            19%        2d(3-19)  3%          4

Your spell library contained the following spells:

 Spells                   Type           Power      Damage    Failure   Level
 Sandblast                Erth           60%        2d14      1%          1
 Shock                    Conj/Air       100%       1d9       1%          1
 Swiftness                Air            38%        N/A       1%          3
 Passwall                 Tmut/Erth      15%        N/A       4%          2
 Summon Small Mammal      Summ           24%        N/A       10%         1
 Call Canine Familiar     Summ           6%         N/A       30%         3
 Portal Projectile        Hex/Tloc       12%        N/A       30%         3
 Summon Guardian Golem    Hex/Summ       6%         N/A       30%         3
 Tukima's Dance           Hex            6%         N/A       30%         3
 Blade Hands              Tmut           3%         N/A       95%         5


Dungeon Overview and Level Annotations

Branches:
Dungeon (7/15) Zot: 2073   Temple (1/1) D:6 Zot: 565

Altars:
Ashenzari
Dithmenos
Fedhas
Hepliaklqana
Kikubaaqudgha
Makhleb
Okawaru
Sif Muna
Trog
Vehumet
Wu Jian
Xom
The Shining One


Innate Abilities, Weirdness & Mutations

You passively map the area around you.
You are easily found by Zot.
You glow in the dark.
You regain HP and MP as you explore.


Message History

Here: a gargoyle, wielding a +0 flail The floor.
Casting: Static Discharge (safe; 1% risk of failure)
Confirm with . or Enter, or press ? or * to list all spells.
Aiming: Stone Arrow (dangerous; 3% risk of failure)
Press: ? - help, Shift-Dir - straight line, f - gargoyle
Aim: a gargoyle, wielding a +0 flail (86% to hit)
The stone arrow misses the gargoyle.
Your attacks no longer feel as feeble.
Casting: Stone Arrow (dangerous; 3% risk of failure)
Confirm with . or Enter, or press ? or * to list all spells.
Aiming: Airstrike (dangerous; 3% risk of failure)
Press: ? - help, Dir - move target, f/p - gargoyle
Aim: a gargoyle, wielding a +0 flail (empty space bonus: 4/8)
The air twists around and strikes the gargoyle!
The gargoyle is moderately damaged.
The gargoyle hits you with a +0 flail.
Casting: Airstrike (dangerous; 3% risk of failure)
Confirm with . or Enter, or press ? or * to list all spells.
Aiming: Airstrike (dangerous; 3% risk of failure)
Press: ? - help, Dir - move target, f/p - gargoyle
Aim: a gargoyle, wielding a +0 flail (moderately damaged, empty space bonus: 4/8)
The air twists around and strikes the gargoyle!
The gargoyle is severely damaged.
The gargoyle barely misses you.
Casting: Airstrike (dangerous; 3% risk of failure)
Confirm with . or Enter, or press ? or * to list all spells.
You don't have enough magic to cast this spell.
You hit the gargoyle but do no damage.
The gargoyle is severely damaged.
The gargoyle hurls a stone arrow at you.
The stone arrow hits you!!
As you read the scroll of teleportation, it crumbles to dust.
You feel strangely unstable. The gargoyle barely misses you.
The gargoyle attacks as you move away! The gargoyle barely misses you.
The gargoyle attacks as you move away! The gargoyle hits you with a +0 flail!
* * * LOW HITPOINT WARNING * * *
Found a pair of boots.
The gargoyle attacks as you move away! The gargoyle hits you with a +0 flail!
You die...

* , , , ., + * ~ ~ [.
,,,, * * * ~ .♣ ~~ * ###
.♣ ~ * #.#######* * ♣.♣#
* ,
#.#.♣.♣.#♣♣♣♣♣♣...♣♣** ,
*
.##.#..♣..♣♣)♣.♣.~~~.♣.♣,
............†)))9~~~....
, *
..#.#..♣..♣♣.♣)♣@~~~.♣.♣
..#.#.♣.♣.#♣♣♣♣♣♣...♣♣ *
..#.##################
#.....................,
#...().........##.#.#,,
####))#.#.#...## , *
....).#.#.<...# *
####..#...#...# , ,* ,
...#.###...#, * ,


You could see a gargoyle.

Vanquished Creatures
  4 yaks (D:6)
  Menkaure (D:6)
  A sky beast (D:7)
  A black bear (D:6)
  An ogre (D:5)
  2 bullfrogs (D:7)
  2 kobold brigands (D:7)
  2 scorpions (D:6)
  A necrophage (D:6)
  A howler monkey (D:5)
  A gnoll bouda (D:7)
  2 hounds
  2 jellies
  Crazy Yiuf (D:5)
  An iguana (D:5)
  An orc wizard (D:7)
  4 gnolls
  3 adders
  2 white imps (D:6)
  2 ufetubi
  10 orcs
  2 ball pythons
  An endoplasm (D:3)
  2 giant cockroaches
  9 goblins
  2 hobgoblins (D:2)
  12 kobolds
  2 quokkas (D:4)
  A rat (D:1)
76 creatures vanquished.

Vanquished Creatures (others)
  4 plants (D:7)
4 creatures vanquished.

Grand Total: 80 creatures vanquished

Notes
Turn   | Place    | Note
-------+----------+-------------------------------------------
     0 | D:1      | hawla the Meteoran Air Elementalist began the quest for the
                  | Orb.
     0 | D:1      | Reached XP level 1. HP: 14/14 MP: 5/5
    73 | D:1      | Reached skill level 4 in Air Magic
    73 | D:1      | Reached XP level 2. HP: 17/20 MP: 0/6
   124 | D:3      | Learned a level 2 spell: Static Discharge
   241 | D:4      | Noticed a jelly
   245 | D:4      | Killed a jelly
   246 | D:4      | Reached XP level 3. HP: 25/26 MP: 1/8
   246 | D:4      | Reached XP level 4. HP: 31/33 MP: 1/9
   251 | D:4      | Learned a level 4 spell: Airstrike
   278 | D:4      | Reached skill level 5 in Air Magic
   484 | D:4      | Found a shimmering altar of Xom.
   508 | D:4      | Found an ornate altar of the Wu Jian Council.
   627 | D:4      | Found a broken altar of Ashenzari.
   933 | D:5      | Entered Level 5 of the Dungeon
   968 | D:5      | Reached XP level 5. HP: 14/38 MP: 6/11
   970 | D:5      | Reached skill level 6 in Air Magic
  1019 | D:5      | Learned a level 3 spell: Stone Arrow
  1070 | D:5      | Reached skill level 1 in Earth Magic
  1070 | D:5      | Reached XP level 6. HP: 45/45 MP: 5/12
  1075 | D:5      | Found a bloodstained altar of Trog.
  1139 | D:5      | Identified the +2 robe "Pilagis" {rElec MP-9 Int-4 Dex+8}
  1197 | D:5      | Found a hazy altar of Hepliaklqana.
  1330 | D:5      | Noticed an ogre
  1335 | D:5      | Killed an ogre
  1336 | D:5      | Reached XP level 7. HP: 48/50 MP: 0/13
  1452 | D:5      | Found a runed translucent door.
  1453 | D:5      | Noticed Crazy Yiuf
  1459 | D:5      | Killed Crazy Yiuf
  1517 | D:6      | Noticed Menkaure
  1523 | D:6      | Killed Menkaure
  1578 | D:6      | Reached XP level 8. HP: 58/58 MP: 2/14
  1580 | D:6      | Noticed a yak
  1617 | D:6      | Killed a yak
  1737 | D:6      | Reached skill level 1 in Fighting
  1763 | D:6      | Identified the +5 falchion "Risi" {spect, rPois Int+4}
  1778 | D:6      | Found a staircase to the Ecumenical Temple.
  1815 | Temple   | Entered the Ecumenical Temple
  1840 | Temple   | Became a worshipper of Vehumet
  1870 | D:6      | Reached skill level 7 in Air Magic
  1890 | D:6      | Reached skill level 5 in Earth Magic
  1891 | D:6      | Reached skill level 5 in Spellcasting
  1953 | D:6      | Noticed a yak
  1955 | D:6      | Noticed a yak
  1955 | D:6      | Noticed a yak
  1967 | D:6      | Killed a yak
  1967 | D:6      | Killed a yak
  1968 | D:6      | Reached skill level 1 in Staves
  1968 | D:6      | Gained mutation: You passively map the area around you.
                  | [Meteoran growth]
  1968 | D:6      | Reached XP level 9. HP: 41/64 MP: 5/18
  2144 | D:7      | Noticed a gargoyle
  2153 | D:7      | Mangled by a gargoyle

Illustrated notes

Levels and vault maps discovered:
D:1:      shiori_angband_town, layout_basic, feat_on_display
D:2:      kennysheep_big_flooded_room, layout_basic
D:3:      layout_basic, old_standard_altar, nicolae_ru_path_of_blood,
          serial_curves, eino_curves_02, eino_curves_04, gammafunk_ghost_arena
D:4:      layout_loops_ring, ashenzari_conservatory_becter,
          mainiacjoe_overflow_surrounded_room, nicolae_overflow_crystal_walls
D:5:      layout_basic, mainiacjoe_overflow_brackets,
          nicolae_hepliaklqana_hippocampus, minmay_ogre_servants,
          uniq_crazy_yiuf_cottage
D:6:      layout_basic, minmay_temple_entry_arrows, chequers_decorated_corner,
          roderic_lattice_a, uniq_menkaure
D:7:      nzn_winding_woodlands_large [nzn_winding_woodlands_5x5_closed_star,
          nzn_winding_woodlands_5x15_pool, nzn_winding_woodlands_hourglass,
          nzn_winding_woodlands_center_lodge,
          nzn_winding_woodlands_15x15_eel_pit,
          nzn_winding_woodlands_center_garden, nzn_winding_woodlands_5x5_cross,
          nzn_winding_woodlands_5x15_sidewinder,
          nzn_winding_woodlands_5x5_checkerboard], layout_basic,
          mainiacjoe_overflow_small_starburst, enter_bailey_8,
          kennysheep_small_square
Temple:   hellmonk_temple_two_chambers

Skill      XL: |  1  2  3  4  5  6  7  8  9 |
---------------+----------------------------+-----
Air Magic      | 4 5 6 7 |  7.9
Spellcasting   | 3 5 6 |  6.6
Conjurations   | 2 3 4 |  4.8
Earth Magic    | 1 4 5 |  5.9
Necromancy     | 2 |  2.0
Evocations     | 2 |  2.0
Dodging        | 3 4 |  4.1
Fighting       | 1 |  1.7
Staves         | 1 3 |  3.1
Stealth        | |  1.4

Action                   |  1- 3 |  4- 6 |  7- 9 || total
-------------------------+-------+-------+-------++-------
Melee: Unarmed           |     8 |       |       ||     8
       Staff             |       |    18 |       ||    18
       Quarterstaff      |       |       |    31 ||    31
 Cast: Shock             |    21 |    14 |       ||    35
       Static Discharge  |     3 |    13 |    26 ||    42
       Stone Arrow       |       |     6 |    21 ||    27
       Airstrike         |       |     2 |     5 ||     7
  Use: Scroll            |     2 |     6 |     5 ||    13
       Potion            |       |     1 |       ||     1
Armor: Robe              |     4 |     4 |    17 ||    25
Dodge: Dodged            |    10 |    26 |    45 ||    81
